 Dungeon Sprint DCSS version 0.18-a0-1788-g92de1ac (webtiles) character file.

58 Kidiri the Cudgeler (level 3, -6/39 HPs)
             Began as a Troll Berserker on Apr 20, 2016.
             Was a Believer of Trog.
             Splashed by an oklob sapling priest's acid (12 damage)
             ... in the Dungeon (Sprint IV: "Fedhas' Mad Dash").
             The game lasted 00:01:32 (159 turns).

Kidiri the Cudgeler (Troll Berserker)                Turns: 159, Time: 00:01:33

Health: -6/39      AC:  3    Str: 26    XL:     3   Next: 76%
Magic:  1/2        EV: 10    Int:  3    God:    Trog [**....]
Gold:   66         SH:  0    Dex:  9    Spells: 0 memorised, 2 levels left

rFire  . . .     SeeInvis .     a - +0 mace
rCold  . . .     Gourm    +     b - +0 animal skin
rNeg   . . .     Faith    .     (no shield)
rPois  .         Spirit   .     (helmet restricted)
rElec  .         Dismiss  .     e - +1 cloak {+Inv}
rCorr  .         Reflect  .     (gloves unavailable)
SustAt .         Harm     .     (boots unavailable)
MR     .....     NoTele   +     (no amulet)
Stlth  +.........               (no ring)
                                (no ring)

@: corroded, very slightly contaminated, invisible (expiring), not resistant to
hostile enchantments, very unstealthy
A: unfitting armour, claws 3, fast metabolism 3, gourmand, regeneration 2,
shaggy fur 1, tough skin 2
a: Berserk, Trog's Hand, Burn Spellbooks, Renounce Religion, Turn Visible


You were in the Dungeon.
You worshipped Trog.
Trog was pleased with you.
You were not hungry.

You visited 1 branch You collected 66 gold pieces.

Inventory:

Hand Weapons
 a - a +0 mace (weapon)
Armour
 b - a +0 animal skin (worn)
 e - a +1 cloak of invisibility (worn)
Scrolls
 d - a scroll of identify {unknown}
 i - a scroll of blinking
Potions
 f - a potion of haste
 g - 2 potions of magic
 h - a potion of berserk rage
Comestibles
 c - 2 bread rations


   Skills:
 * Level 4.1 Fighting
 * Level 4.5 Maces & Flails
 + Level 1.7 Armour
 * Level 4.0 Dodging
 + Level 0.0 Evocations


You had 2 spell levels left.
You didn't know any spells.

Dungeon Overview and Level Annotations

Branches:
Dungeon (1/1)

Altars:
Cheibriados
Dithmenos
Elyvilon
Gozag
Kikubaaqudgha
Makhleb
Nemelex Xobeh
Okawaru
Pakellas
Qazlal
Ru
Sif Muna
Trog
Vehumet
Xom
Yredelemnul
Zin
The Shining One
Beogh
Jiyva
Lugonu

Annotations:
D exclusion: oklob sapling


Innate Abilities, Weirdness & Mutations

You are too large for most types of armour.
You have claws for hands.
Your metabolism is lightning-fast.
You like to eat raw meat.
You heal very quickly.
You are covered in fur (AC +1).
You have very tough skin (AC +2).


Message History

The oklob sapling priest spits acid at something.
Found a stormy altar of Qazlal.
There is a white marble altar of Elyvilon here.
You hit the oklob sapling priest.
The oklob sapling priest is moderately damaged.
You flicker for a moment.
The oklob sapling priest mumbles some strange prayers to its god against you.
Something smites you!
There is a deep blue altar of Sif Muna here.
You hit the oklob sapling priest but do no damage.
The oklob sapling priest is moderately damaged.
The oklob sapling priest mumbles some strange prayers to its god against you.
Something smites you!
You hit the oklob sapling priest but do no damage.
The oklob sapling priest is moderately damaged.
The oklob sapling priest spits acid at you.
The splash of acid hits you!
* * * LOW HITPOINT WARNING * * *
The acid corrodes you!
The acid burns!
You die...

#########################
÷....#.....#.⌠...._....⌠.
%[...'.#...'._._._._._._.
.....#.#...#_._.@P_._._._
#########+##._._._._._._.
#.⌠...._....⌠.
##############


You could see an oklob sapling priest.

Vanquished Creatures
  An oklob sapling (D)
  A worker ant (D)
  A river rat (D)
  A rat (D)
4 creatures vanquished.

Notes
Turn   | Place    | Note
--------------------------------------------------------------
     0 | D        | Kidiri the Troll Berserker began the quest for the Orb.
     0 | D        | Reached XP level 1. HP: 22/22 MP: 0/0
    21 | D        | Reached XP level 2. HP: 22/31 MP: 1/1
    68 | D        | Noticed an oklob sapling
    70 | D        | Killed an oklob sapling
    70 | D        | Reached skill level 1 in Armour
    70 | D        | Reached XP level 3. HP: 39/39 MP: 2/2
   109 | D        | Reached ** piety under Trog
   146 | D        | Found a snail-covered altar of Cheibriados.
   146 | D        | Found a glowing silver altar of Zin.
   146 | D        | Found a white marble altar of Elyvilon.
   147 | D        | Found a viscous altar of Jiyva.
   147 | D        | Found a radiant altar of Vehumet.
   147 | D        | Found a deep blue altar of Sif Muna.
   147 | D        | Found a burning altar of Makhleb.
   147 | D        | Found an oddly glowing altar of Pakellas.
   147 | D        | Found an ancient bone altar of Kikubaaqudgha.
   147 | D        | Found a bloodstained altar of Trog.
   147 | D        | Found a corrupted altar of Lugonu.
   147 | D        | Found a sacrificial altar of Ru.
   147 | D        | Noticed an oklob sapling priest
   148 | D        | Found a glowing golden altar of the Shining One.
   148 | D        | Found a sparkling altar of Nemelex Xobeh.
   149 | D        | Found a shadowy altar of Dithmenos.
   150 | D        | Found an iron altar of Okawaru.
   150 | D        | Found a shimmering altar of Xom.
   151 | D        | Found an opulent altar of Gozag.
   152 | D        | Found a basalt altar of Yredelemnul.
   152 | D        | Found a roughly hewn altar of Beogh.
   155 | D        | Found a stormy altar of Qazlal.
   159 | D        | Splashed by an oklob sapling priest's acid

Vault maps used:
D:        dungeon_sprint_fedhas

Skill      XL: |  1  2  3 |
---------------+----------+-----
Fighting       | 3 4 |  4.1
Maces & Flails | 3 4 |  4.5
Dodging        | 3 4 |  4.0
Armour         | 1 |  1.7

Action                   || total
-------------------------++-------
Melee: Mace              ||    24
Invok: Berserk           ||     3
 Abil: Evoke Invisibilit ||     1
  Use: Potion            ||     2
 Stab: Invisible         ||     1
  Eat: Chunk             ||     2
Armor: Animal skin       ||     7
Dodge: Dodged            ||    20
